 Dungeon Crawl Stone Soup version 0.29-a0-813-g4a14ea37d6 (webtiles) character file.

Game seed: 13276522502556480748

12257 ReploidZero the Ogre Mage (level 11, -1/130 HPs)
             Began as an Ogre Ice Elementalist on July 3, 2022.
             Was a High Priest of Ru.
             Slain by a white very ugly thing (15 damage)
             ... on level 2 of the Abyss on July 4, 2022.
             The game lasted 00:53:58 (14366 turns).

ReploidZero the Ogre Mage (Ogre Ice Elementalist)  Turns: 14366, Time: 00:53:59

Health: -1/130     AC:  8    Str: 20    XL:     11   Next: 90%
Magic:  0/25       EV:  9    Int: 20    God:    Ru [*****.]
Gold:   555        SH:  0    Dex:  9    Spells: 16/31 levels left

rFire   . . .      SeeInvis .   L - staff of cold
rCold   + . .      Faith    .   (shield unavailable)
rNeg    . . .      Spirit   +   J - +0 troll leather armour
rPois   +          Reflect  .   (helmet restricted)
rElec   +          Harm     .   K - +2 cloak
rCorr   +          Rampage  .   (gloves unavailable)
Will    +....                   (boots unavailable)
Stlth   +.........              r - amulet of guardian spirit
HPRegen 0.00/turn               (ring unavailable)
MPRegen 0.19/turn               E - +6 ring of strength

@: exhausted, resistant, on berserk cooldown, sick, slowed, invisible, very slow
A: large, unfitting armour, tough skin 1, missing a hand, temperature sensitive,
hooves 1, robust 1, electricity resistance, wild magic 1
a: Renounce Religion, Draw Out Power, Power Leap, Apocalypse


You were on level 2 of the Abyss.
You worshipped Ru.
Ru was extremely pleased with you.
You visited 2 branches of the dungeon, and saw 11 of its levels.
You visited the Abyss 1 time.

You collected 618 gold pieces.
You spent 63 gold pieces at shops.

Inventory:

Hand Weapons
 j - a +3 mace of protection
Missiles
 m - 20 poisoned darts
 t - 4 curare-tipped darts
 y - a throwing net
Armour
 l - a scarf of shadows
 v - +0 acid dragon scales
 J - a +0 troll leather armour (worn)
 K - a +2 cloak (worn)
Magical Staves
 L - a staff of cold (weapon)
Jewellery
 d - a ring of flight
 e - an amulet of the acrobat
 i - a ring of positive energy
 r - an amulet of guardian spirit (around neck)
 E - a +6 ring of strength (right hand)
Wands
 q - a wand of charming (20)
 z - a wand of polymorph (6)
 C - a wand of flame (27)
 G - a wand of mindburst (10)
Scrolls
 h - 4 scrolls of enchant weapon
 p - a scroll of magic mapping
 s - a scroll of teleportation
 B - a scroll of amnesia
Potions
 c - a potion of lignification
 g - 5 potions of curing
 n - 2 potions of mutation
 o - a potion of berserk rage
 x - a potion of resistance
 F - 2 potions of flight


   Skills:
 + Level 10.8 Fighting
 - Level 1.7 Dodging
 - Level 1.4 Stealth
 + Level 10.9 Spellcasting
 + Level 7.6 Conjurations
 + Level 4.2 Fire Magic
 + Level 9.7 Ice Magic


You had 16 spell levels left.
You knew the following spells:

 Your Spells              Type           Power      Damage    Failure   Level
a - Freeze                Ice            100%       1d11      1%          1
b - Frozen Ramparts       Ice            100%       1d12      1%          3
c - Ozocubu's Armour      Ice            78%        N/A       1%          3
d - Hailstorm             Conj/Ice       73%        3d15      3%          4
e - Sticky Flame          Conj/Fire      45%        2d6       11%         4

Your spell library contained the following spells:

 Spells                   Type           Power      Damage    Failure   Level
 Ensorcelled Hibernation  Hex/Ice        100%       N/A       3%          2
 Conjure Flame            Conj/Fire      45%        6-21      3%          3
 Sublimation of Blood     Necr           14%        N/A       17%         2
 Wereblood                Tmut           14%        N/A       17%         2
 Ignite Poison            Fire/Tmut/Pois 21%        N/A       19%         3
 Spider Form              Tmut/Pois      14%        N/A       30%         3
 Irradiate                Conj/Tmut      17%        3d19      50%         5
 Anguish                  Hex/Necr       7%         N/A       67%         4
 Petrify                  Tmut/Erth      14%        N/A       67%         4
 Ozocubu's Refrigeration  Ice            39%        4d12      82%         7
 Summon Hydra             Summ           7%         N/A       100%        7


Dungeon Overview and Level Annotations

Branches:
Dungeon (10/15)            Temple (1/1) D:7            Lair (0/6) D:9
    Orc (0/2) D:10

Altars:
Ashenzari
Cheibriados
Dithmenos
Elyvilon
Fedhas
Gozag
Kikubaaqudgha
Makhleb
Nemelex Xobeh
Okawaru
Qazlal
Ru
Sif Muna
Trog
Uskayaw
Vehumet
Wu Jian
Xom
Yredelemnul
Zin
The Shining One

Shops:
D:2 *   D:5 (


Innate Abilities, Weirdness & Mutations

You are too large for most types of armour.
You have tough skin. (AC +1)
You are missing a hand.
You are sensitive to extremes of temperature. (rF-, rC-)
You have large cloven feet.
You are robust. (+10% HP)
You are resistant to electric shocks. (rElec)
Your spells are a little harder to cast, but a little more powerful.


Message History

Aiming: Polymorph
Press: ? - help, Shift-Dir - straight line, f - chaos spawn
Aim: a chaos spawn (moderately wounded, unable to see you, poisoned, will become a red devil, a lemure, or a hellwing, chance to affect: 17%)
Okay, then.
Unknown command.
As you read the scroll of summoning, it crumbles to dust.
Wisps of shadow whirl around you...
The chaos spawn looks more healthy.
The worldbinder hits you but does no damage.
The worldbinder closely misses you.
The worldbinder begins to attack, but is stunned by your conviction!
The white very ugly thing engulfs you! The white very ugly thing freezes you!
You resist.
Unknown command.
Okay, then.
Aiming: Charm
Press: ? - help, Shift-Dir - straight line, f - white very ugly thing
Aim: a white very ugly thing (heavily wounded, unable to see you, very poisoned, chance to affect: 31%)
The white very ugly thing easily resists.
The worldbinder hits you but does no damage. x2
Something gores your large abomination!
Your large abomination blinks!
The worldbinder barely misses you. x2; The white very ugly thing engulfs you.
The white very ugly thing freezes you!! You resist.
* * * LOW HITPOINT WARNING * * *
Your large abomination hits the white very ugly thing but does no damage.
You feel ill.
Unknown command.
Okay, then.
You feel better. The worldbinder barely misses you. The worldbinder hits you.
* * * LOW HITPOINT WARNING * * *
The white very ugly thing misses you. The worldbinder hits you.
* * * LOW HITPOINT WARNING * * *
The worldbinder hits you.
* * * LOW HITPOINT WARNING * * *
You focus your inner power and illuminate the worldbinder in retribution!
Your large abomination hits the white very ugly thing!!
The white very ugly thing engulfs you.
* * * LOW HITPOINT WARNING * * *
The white very ugly thing freezes you!! You resist.
You die...

# .. ###
#X##x ...##
#.4u## . .#
#@# .
.###.u.#
#....X..###
#...#.##. ..
###†...#. .#
.
.#...##..#.#.
#..x. ... .
..#. . ... ..
###.#.# # ##
†###..# . #


You could see 2 very ugly things, an ancient zyme (wandering, unable to see
you), a chaos spawn (unable to see you) and 2 friendly large abominations.

Vanquished Creatures
  A balrug (Abyss:2)
  2 very ugly things (Abyss:2)
  2 death yaks
  An ugly thing (Abyss:2)
  An elephant (D:9)
  A polar bear (D:8)
  3 trolls
  Prince Ribbit (D:6)
  A shadow (D:10)
  A wraith (D:10)
  6 yaks
  A basilisk (D:9)
  2 wyverns
  2 steam dragons
  2 acid dragons (D:10)
  A water moccasin (D:6)
  4 orc warriors
  A hornet zombie (D:8)
  7 ice beasts
  2 sky beasts (D:7)
  2 black bears
  5 ogres
  A wolf (D:8)
  3 centaurs
  A phantom (D:5)
  2 kobold brigands
  2 wyvern zombies (D:8)
  3 necrophages
  2 bullfrogs
  A gnoll sergeant (D:5)
  4 scorpions
  5 wights
  4 killer bees (D:8)
  A howler monkey (D:4)
  3 centaur zombies (D:8)
  2 hounds
  A human zombie (D:8)
  Crazy Yiuf (D:6)
  5 orc priests
  2 gnoll boudas
  2 iguanas (D:5)
  7 orc wizards
  A killer bee zombie (D:8)
  2 centaur simulacra (D:8)
  A mummy (D:8)
  A howler monkey zombie (D:8)
  26 gnolls
  5 adders
  4 white imps
  An ufetubus (D:8)
  5 dart slugs
  56 orcs
  8 endoplasms
  3 giant cockroaches
  3 goblins
  5 hobgoblins
  13 kobolds
  7 quokkas
  9 ball pythons
  3 bats
  3 frilled lizards
  3 rats (D:2)
260 creatures vanquished.

Vanquished Creatures (others)
  A bullfrog (D:7)
  An orc (D:10)
2 creatures vanquished.

Grand Total: 262 creatures vanquished

Notes
Turn   | Place    | Note
-------+----------+-------------------------------------------
     0 | D:1      | ReploidZero the Ogre Ice Elementalist began the quest for
                  | the Orb.
     0 | D:1      | Reached XP level 1. HP: 16/16 MP: 3/3
   343 | D:1      | Reached XP level 2. HP: 18/24 MP: 5/5
   716 | D:1      | Found a faded altar of an unknown god.
   940 | D:1      | Reached XP level 3. HP: 23/31 MP: 4/7
  1228 | D:2      | Found a glowing silver altar of Zin.
  1345 | D:2      | Found Decuer's Assorted Antiques.
  1370 | D:2      | Bought a scroll labelled GAETAOHAHE for 22 gold pieces
  1370 | D:2      | Bought a murky brown potion for 19 gold pieces
  1370 | D:2      | Bought a scroll labelled ZUIBAD MEKHAOBAX for 22 gold
                  | pieces
  1811 | D:3      | Reached XP level 4. HP: 39/39 MP: 9/9
  1921 | D:3      | Learned a level 3 spell: Frozen Ramparts
  1925 | D:3      | Learned a level 3 spell: Ozocubu's Armour
  2131 | D:3      | Reached XP level 5. HP: 45/45 MP: 7/11
  2147 | D:3      | Reached skill level 5 in Ice Magic
  3038 | D:4      | Reached skill level 1 in Fighting
  3038 | D:4      | Reached skill level 5 in Spellcasting
  3038 | D:4      | Reached XP level 6. HP: 26/55 MP: 6/13
  3910 | D:4      | Identified the +4 scale mail of Love and Death {-Cast rN+
                  | SInv}
  4039 | D:4      | Reached XP level 7. HP: 32/67 MP: 15/15
  4274 | D:5      | Entered Level 5 of the Dungeon
  4357 | D:5      | Found a burning altar of Makhleb.
  4634 | D:5      | Upgraded the game from 0.29-a0-802-g34511f41fd to
                  | 0.29-a0-813-g4a14ea37d6
  4639 | D:5      | Learned a level 4 spell: Hailstorm
  4753 | D:5      | Reached skill level 1 in Conjurations
  5282 | D:5      | Reached XP level 8. HP: 69/78 MP: 11/17
  5577 | D:5      | Found a radiant altar of Vehumet.
  5582 | D:5      | Found a sacrificial altar of Ru.
  5585 | D:5      | Found a shadowy altar of Dithmenos.
  5590 | D:5      | Found a blossoming altar of Fedhas.
  5596 | D:5      | Found a shimmering blue altar of Sif Muna.
  5656 | D:5      | Became a worshipper of Ru the Awakened
  5877 | D:5      | Found Hiwuemm's Weapon Emporium.
  7015 | D:6      | Found a runed translucent door.
  7016 | D:6      | Noticed Crazy Yiuf
  7092 | D:6      | Reached skill level 5 in Fighting
  7391 | D:6      | Reached XP level 9. HP: 76/88 MP: 20/20
  7914 | D:6      | Noticed Prince Ribbit
  7939 | D:6      | Killed Prince Ribbit
  8380 | D:6      | Killed Crazy Yiuf
  8671 | D:7      | Gained mutation: You are sensitive to extremes of
                  | temperature. (rF-, rC-) [Ru sacrifice]
  8671 | D:7      | Reached * piety under Ru
  8671 | D:7      | Reached ** piety under Ru
  8807 | D:7      | Found a staircase to the Ecumenical Temple.
  9558 | D:7      | Learned a level 4 spell: Sticky Flame
  9620 | D:7      | Found a snail-covered altar of Cheibriados.
  9632 | D:7      | Reached skill level 5 in Conjurations
  9950 | Temple   | Entered the Ecumenical Temple
 10554 | D:8      | Noticed a troll
 10562 | D:8      | Reached XP level 10. HP: 89/102 MP: 12/22
 11212 | D:8      | Noticed a death yak
 11320 | D:8      | Found a shimmering altar of Xom.
 11321 | D:8      | Found a shimmering altar of Xom.
 11321 | D:8      | Found a shimmering altar of Xom.
 11321 | D:8      | Found a shimmering altar of Xom.
 11321 | D:8      | Found a shimmering altar of Xom.
 11321 | D:8      | Found a shimmering altar of Xom.
 11322 | D:8      | Found a shimmering altar of Xom.
 11573 | D:8      | Noticed a cane toad
 11980 | D:8      | Reached skill level 1 in Fire Magic
 11984 | D:8      | Found a basalt altar of Yredelemnul.
 12126 | D:9      | Noticed an elephant
 12126 | D:9      | Noticed a death yak
 12126 | D:9      | Found a staircase to the Lair.
 12155 | D:8      | Killed a death yak
 12302 | D:9      | Reached skill level 10 in Spellcasting
 12429 | D:9      | Reached XP level 11. HP: 115/115 MP: 21/25
 12471 | D:9      | Killed a death yak
 12809 | D:9      | Gained mutation: You are missing a hand. [Ru sacrifice]
 12809 | D:9      | Reached *** piety under Ru
 12809 | D:9      | Reached **** piety under Ru
 12809 | D:9      | Reached ***** piety under Ru
 12818 | D:9      | Gained mutation: You have large cloven feet. [potion of
                  | mutation]
 12818 | D:9      | Gained mutation: You are robust. (+10% HP) [potion of
                  | mutation]
 12818 | D:9      | Gained mutation: Your spells are a little harder to cast,
                  | but a little more powerful. [potion of mutation]
 12818 | D:9      | Gained mutation: You are resistant to electric shocks.
                  | (rElec) [potion of mutation]
 13718 | D:10     | Entered Level 10 of the Dungeon
 13977 | D:10     | Reached skill level 10 in Fighting
 14087 | D:10     | Found a staircase to the Orcish Mines.
 14222 | D:10     | Noticed a wizard
 14245 | Abyss:2  | Cast into level 2 of the Abyss (a wizard)
 14270 | Abyss:2  | Noticed a white very ugly thing
 14295 | Abyss:2  | Noticed a white very ugly thing
 14295 | Abyss:2  | Noticed a white ugly thing
 14296 | Abyss:2  | Noticed a white very ugly thing
 14296 | Abyss:2  | Noticed a white very ugly thing
 14313 | Abyss:2  | Noticed a balrug
 14321 | Abyss:2  | Killed a balrug
 14332 | Abyss:2  | Noticed a tentacled starspawn
 14342 | Abyss:2  | Killed a white ugly thing
 14352 | Abyss:2  | Killed a white very ugly thing
 14361 | Abyss:2  | Noticed a worldbinder
 14362 | Abyss:2  | Killed a white very ugly thing
 14366 | Abyss:2  | Slain by a white very ugly thing

Illustrated notes

Levels and vault maps discovered:
D:1:      dpeg_arrival_rhombi, layout_rooms, shapermc_ecumenical_altar_ellora
D:2:      layout_rooms, serial_shops, nicolae_shop_overgrown_old_shop,
          basic_altar
D:3:      layout_basic
D:4:      layout_rooms, serial_curves, eino_curves_02, eino_curves_02,
          eino_curves_03, eino_curves_02
D:5:      layout_loops_ring, lemuel_crystal_altar,
          nicolae_overflow_hallway_of_the_gods, serial_shops,
          nicolae_shop_stone, pf_guarded_unrand_woodcutter
D:6:      layout_cave_pods, uniq_crazy_yiuf_cottage, uniq_prince_ribbit1
D:7:      layout_loops_cross, general_overflow_altar,
          minmay_temple_entry_statues_pillars
D:8:      layout_loops_ring, xom_shifter_show,
          lemuel_mausoleum_altar_yredelemnul, serial_ice, serial_ice_d,
          serial_ice_c, serial_ice_i, serial_ice_a, special_room
          [special_room_orc]
D:9:      layout_loops_corners, david_lair_generic, lightli_orcish_oven
D:10:     layout_roguey, mainiacjoe_overflow_24_doors, orc_0_dummy,
          grunt_potential
Temple:   chequers_temple_sunken
Abyss:2:  base:
D:10

Skill      XL: |  1  2  3  4  5  6  7  8  9 10 11 |
---------------+----------------------------------+-----
Spellcasting   | 3 4 5 6 7 8 10 | 10.9
Ice Magic      | 4 5 6 7 8 9 |  9.7
Fighting       | 1 3 5 7 9 10 | 10.8
Conjurations   | 1 3 5 6 7 |  7.6
Fire Magic     | 2 4 |  4.2
Dodging        | |  1.7
Stealth        | |  1.4

Action                   |  1- 3 |  4- 6 |  7- 9 | 10-12 || total
-------------------------+-------+-------+-------+-------++-------
Melee: Unarmed           |     3 |       |       |       ||     3
       Whip              |    10 |       |       |       ||    10
       Mace              |    69 |    97 |    23 |       ||   189
       Battleaxe         |       |       |   132 |   153 ||   285
       Staff             |       |       |       |     6 ||     6
       Kick              |       |       |       |     4 ||     4
 Cast: Freeze            |    18 |     9 |    14 |    26 ||    67
       Frozen Ramparts   |       |     6 |    22 |    25 ||    53
       Hailstorm         |       |       |     4 |    19 ||    23
       Ozocubu's Armour  |       |       |     3 |       ||     3
       Sticky Flame      |       |       |     3 |    14 ||    17
Invok: Sacrifice Resista |       |       |     1 |       ||     1
       Draw Out Power    |       |       |       |     2 ||     2
       Apocalypse        |       |       |       |     2 ||     2
       Sacrifice a Hand  |       |       |       |     1 ||     1
Evoke: Wand              |       |       |    17 |    12 ||    29
  Use: Scroll            |     8 |     2 |     4 |    16 ||    30
       Potion            |       |     3 |     3 |    12 ||    18
 Stab: Sleeping          |       |       |       |     2 ||     2
Armor: Robe              |    37 |    57 |    45 |       ||   139
       Troll leather arm |       |       |       |    74 ||    74
Dodge: Dodged            |    52 |    57 |    91 |    89 ||   289

Table legend: (Time is in decaauts)
 A = Elapsed time spent in this place.
 B = Non-inter-level travel time spent in this place.
 C = Inter-level travel time spent in this place.
 D = Time resting spent in this place.
 E = Time spent auto-exploring this place.
 F = Levels seen in this place.
 G = Mean time per level.
                   A        B        C        D        E       F      G
               +--------+--------+--------+--------+--------+-----+--------+
         Total |  14504 |  13878 |    626 |    150 |  11666 |  12 | 1208.7 |
       Dungeon |  14147 |  13555 |    592 |    150 |  11443 |  10 | 1414.7 |
        Temple |    235 |    201 |     34 |      0 |    193 |   1 |  235.0 |
         Abyss |    121 |    121 |      0 |      0 |     29 |   1 |  121.0 |
               +--------+--------+--------+--------+--------+-----+--------+

Top non-repeatable levels by time:
     D:6: 2392 daAuts
     D:5: 1990 daAuts
     D:8: 1799 daAuts
     D:7: 1643 daAuts
     D:9: 1583 daAuts
     D:4: 1335 daAuts
     D:3: 1171 daAuts
     D:1: 1076 daAuts
     D:2: 755 daAuts
    D:10: 399 daAuts
  Temple: 235 daAuts
 Abyss:2: 121 daAuts
